 Dungeon Crawl Stone Soup version 0.24-a0-536-gdd4cf15 (webtiles) character file.

Game seed: 14865782170821603361

25976 HarryHood the Basher (level 12, -6/169 HPs)
             Began as a Minotaur Berserker on Aug 10, 2019.
             Was a High Priest of Trog.
             Mangled by a red devil
             ... wielding a +2 demon trident of pain
             ... summoned by an orc high priest
              (13 damage)
             ... on level 2 of the Orcish Mines on Aug 11, 2019.
             The game lasted 01:06:24 (15457 turns).

HarryHood the Basher (Minotaur Berserker)          Turns: 15457, Time: 01:06:24

Health: -6/169     AC: 18    Str: 30    XL:     12   Next: 94%
Magic:  0/11       EV: 15    Int:  4    God:    Trog [*****.]
Gold:   1155       SH:  5    Dex: 16    Spells: 11/11 levels left

rFire    x . .     SeeInvis .   a - +1 flail "Qemuj" {elec, rPois rF- rN+}
rCold    . . .     Gourm    .   l - +0 buckler
rNeg     + . .     Faith    .   h - +0 scale mail {rPois}
rPois    +         Spirit   +   F - +1 hat {MR+}
rElec    .         Reflect  .   D - +0 cloak
rCorr    .         Harm     .   w - +1 pair of gloves
MR       +....                  L - +0 pair of boots
Stlth    ..........             E - amulet of guardian spirit
HPRegen  0.38/turn              g - +2 ring of protection
MPRegen  0.12/turn              y - +4 ring of dexterity

@: berserking, very quick
A: retaliatory headbutt, horns 2
a: Berserk, Trog's Hand, Brothers in Arms, Renounce Religion


You were on level 2 of the Orcish Mines.
You worshipped Trog.
Trog was extremely pleased with you.
You were very hungry.

You visited 4 branches of the dungeon, and saw 19 of its levels.

You collected 1155 gold pieces.

Inventory:

Hand Weapons
 a - the +1 flail "Qemuj" (weapon) {elec, rPois rF- rN+}
   (You found it on level 5 of the Dungeon)

   Occasionally, upon striking a foe, it will discharge some electrical energy
   and cause terrible harm.
   It makes you vulnerable to fire.
   It protects you from poison.
   It protects you from negative energy.
 b - a +0 hunting sling
 s - a +5 mace
 M - a +2 morningstar of protection
Missiles
 m - 288 sling bullets
 A - 21 boomerangs (quivered)
 H - 3 silver boomerangs
 K - 5 boomerangs of dispersal
Armour
 h - a +0 scale mail of poison resistance (worn)
 l - a +0 buckler (worn)
 t - a +0 crystal plate armour
 w - a +1 pair of gloves (worn)
 z - the +3 leather armour of Seafips {rF+ Dex+2}
   (You found it on level 5 of the Dungeon)

   It affects your dexterity (+2).
   It protects you from fire.
 D - a +0 cloak (worn)
 F - a +1 hat of magic resistance (worn)
 J - the +3 ring mail of the Nightingale {rF++ Int+6}
   (You found it on level 4 of the Lair of Beasts)

   It affects your intelligence (+6).
   It greatly protects you from fire.
 L - a +0 pair of boots (worn)
Jewellery
 g - a +2 ring of protection (left hand)
 y - a +4 ring of dexterity (right hand)
 B - a +4 ring of intelligence
 E - an amulet of guardian spirit (around neck)
 O - a +2 amulet of reflection
Scrolls
 i - 3 scrolls of teleportation {@r0}
 n - a scroll of remove curse {@r1}
 o - 3 scrolls of enchant weapon
 r - a scroll of identify
 I - 3 scrolls of fear
 P - 2 scrolls of fog
Potions
 c - 7 potions of lignification {!q}
 d - 2 potions of cancellation
 f - 8 potions of curing {@q2}
 j - 2 potions of brilliance
 k - 4 potions of ambrosia
 p - 2 potions of magic
 q - a potion of invisibility
 u - 2 potions of heal wounds {@q1}
 v - a potion of agility
 x - 2 potions of might
 C - a potion of haste
Comestibles
 e - 35 rations {@e1}
 G - 5 chunks of flesh


   Skills:
 + Level 12.8 Fighting
 - Level 14.1 Maces & Flails
 - Level 9.0 Slings
 + Level 12.8 Armour
 + Level 7.2 Dodging
 - Level 4.2 Shields


You had 11 spell levels left.
You didn't know any spells.
Your spell library was empty.

Dungeon Overview and Level Annotations

Branches:
Dungeon (11/15)            Temple (1/1) D:7            Lair (5/6) D:9
 Shoals (0/4) Lair:4       Spider (0/4) Lair:4          Orc (2/2) D:9
  Slime: Lair:5-6       Elf: Orc:2

Altars:
Dithmenos
Gozag
Yredelemnul
Beogh
Jiyva

Shops:
D:5 *}   Orc:1 =

Annotations:
Lair:4 exclusion: 4 oklob plants
Lair:5 3 runed translucent doors, Myef's ghost, journeyman CeFi


Innate Abilities, Weirdness & Mutations

You reflexively headbutt those who attack you in melee.
You have a pair of horns on your head.


Message History

The sun demon hits you but does no damage.
You hit the orc warrior.
The red devil hits you from afar with a +2 demon trident of pain.
* * * LOW HITPOINT WARNING * * *
You writhe in agony.
* * * LOW HITPOINT WARNING * * *
You block the orc warrior's attack.
The orc warrior hits you with a +0 hand axe!
* * * LOW HITPOINT WARNING * * *
The orc hits you but does no damage.
You take 15 damage, and have 7/169 hp.
You now have 1/11 mp.
You bludgeon the orc warrior!!
Lightning courses through the orc warrior!!
You kill the orc warrior!
Trog accepts your kill. You block the sun demon's attack.
You sock the ice devil!
Lightning courses through the ice devil!
The red devil hits you from afar with a +2 demon trident of pain!
You die...

.......
#.......
#......#
.......##
........##
#oo...$..#..
##34.........
#@4oo........
##oo.........
#..o.........
#............
#............
##...........
#...<........
#............
#........$...


You could see an orc high priest, a sun demon, an ice devil, a red devil, an orc
warrior, an orc wizard and 4 orcs.

Vanquished Creatures
  Gastronok (D:10)
  A hydra (Lair:3)
  3 two-headed ogres
  Nergalle (D:10)
  An unseen horror (D:11)
  2 cyclopes
  An ugly thing (D:11)
  Joseph (D:7)
  2 black mambas
  8 spiny frogs
  A gargoyle (D:10)
  2 komodo dragons
  A tengu conjurer (D:11)
  3 trolls
  3 blink frogs (Lair:5)
  4 hippogriffs
  A shadow (D:11)
  A wraith (D:10)
  7 yaks
  5 basilisks
  2 wyverns (D:8)
  A hungry ghost (D:9)
  A warg (Orc:2)
  8 water moccasins
  13 porcupines
  2 ice beasts (D:11)
  21 orc warriors
  A sky beast (D:5)
  A black bear (D:7)
  10 ogres
  2 phantoms
  7 wolves
  7 centaurs
  8 crocodiles
  Blork the orc (D:4)
  17 bullfrogs
  5 scorpions
  3 killer bees (D:7)
  3 wights
  A vampire bat (Lair:1)
  An electric eel (Lair:5)
  2 howler monkeys (D:9)
  A bullfrog zombie (D:5)
  A centaur zombie (D:5)
  A crimson imp (D:5)
  2 jellies
  9 orc priests
  5 hounds
  3 centaur skeletons
  22 orc wizards
  A bullfrog skeleton (D:6)
  2 iguanas
  6 worker ants
  2 killer bee zombies
  A hound zombie (D:3)
  A worker ant zombie (D:10)
  A howler monkey skeleton (D:8)
  9 adders
  4 shadow imps
  An ooze (D:1)
  2 adder skeletons
  6 worms
  8 leopard geckos
  87 orcs
  2 ball pythons
  9 giant cockroaches
  7 goblins
  5 hobgoblins
  19 jackals
  A quokka (D:8)
  12 bats
  3 frilled lizards
  5 kobolds
  A quokka skeleton (D:4)
  3 rats
408 creatures vanquished.

Vanquished Creatures (others)
  2 plants (Lair:4)
2 creatures vanquished.

Grand Total: 410 creatures vanquished

Notes
Turn   | Place    | Note
-------+----------+-------------------------------------------
     0 | D:1      | HarryHood the Minotaur Berserker began the quest for the
                  | Orb.
     0 | D:1      | Reached XP level 1. HP: 19/19 MP: 0/0
   109 | D:1      | Reached skill level 4 in Fighting
   146 | D:1      | Reached XP level 2. HP: 26/28 MP: 1/1
   697 | D:2      | Reached skill level 5 in Fighting
   706 | D:2      | Reached XP level 3. HP: 22/36 MP: 2/2
   880 | D:2      | Reached ** piety under Trog
   908 | D:2      | HP: 2/36 [hobgoblin (3)]
  1229 | D:2      | Found a shadowy altar of Dithmenos.
  1420 | D:2      | Reached skill level 6 in Fighting
  1420 | D:2      | Reached XP level 4. HP: 44/44 MP: 3/3
  1919 | D:3      | Reached skill level 4 in Maces & Flails
  1959 | D:3      | Reached XP level 5. HP: 46/50 MP: 4/4
  2368 | D:4      | Reached skill level 5 in Maces & Flails
  2494 | D:4      | Reached *** piety under Trog
  2494 | D:4      | Reached skill level 6 in Maces & Flails
  2584 | D:4      | Reached XP level 6. HP: 42/58 MP: 5/5
  2844 | D:4      | Noticed Blork the orc
  2860 | D:4      | Killed Blork the orc
  2860 | D:4      | Reached skill level 7 in Fighting
  2863 | D:4      | Reached skill level 8 in Fighting
  3227 | D:5      | Entered Level 5 of the Dungeon
  3232 | D:5      | Found Voqawnua's Gadget Emporium.
  3261 | D:5      | Found Duuguid's Lightly-Used Armoury.
  3353 | D:5      | Reached XP level 7. HP: 68/68 MP: 6/6
  3491 | D:5      | Reached skill level 9 in Fighting
  3523 | D:5      | Reached skill level 3 in Armour
  3531 | D:5      | Reached skill level 4 in Armour
  3539 | D:5      | Got an ichor-stained flail
  3541 | D:5      | Identified the cursed +1 flail "Qemuj" {elec, rPois rF-
                  | rN+} (You found it on level 5 of the Dungeon)
  3753 | D:5      | Got a faintly humming leather armour
  3769 | D:5      | Identified the +3 leather armour of Seafips {rF+ Dex+2}
                  | (You found it on level 5 of the Dungeon)
  3799 | D:5      | Reached skill level 5 in Armour
  3814 | D:5      | Reached XP level 8. HP: 78/78 MP: 7/7
  3826 | D:5      | Reached skill level 7 in Maces & Flails
  3944 | D:6      | Reached **** piety under Trog
  4007 | D:6      | Reached skill level 6 in Armour
  4049 | D:6      | Reached skill level 1 in Shields
  4100 | D:6      | Reached skill level 2 in Shields
  4140 | D:6      | You fall into a shaft and drop 3 floors!
  4164 | D:8      | Reached skill level 3 in Shields
  4277 | D:7      | Reached skill level 8 in Maces & Flails
  4277 | D:7      | Reached skill level 4 in Shields
  4558 | D:6      | Reached skill level 7 in Armour
  4662 | D:6      | Reached XP level 9. HP: 78/83 MP: 8/8
  4894 | D:6      | You fall into a shaft and drop 1 floor!
  4923 | D:7      | Reached skill level 8 in Armour
  4951 | D:7      | Noticed Joseph
  4976 | D:7      | Killed Joseph
  4976 | D:7      | Reached skill level 9 in Maces & Flails
  5073 | D:7      | Reached skill level 9 in Armour
  5745 | D:7      | Found a staircase to the Ecumenical Temple.
  5750 | Temple   | Entered the Ecumenical Temple
  5759 | D:7      | Reached skill level 10 in Maces & Flails
  5861 | D:7      | Found an opulent altar of Gozag.
  6031 | D:7      | Upgraded the game from 0.24-a0-535-gbb0d440 to
                  | 0.24-a0-536-gdd4cf15
  6037 | D:8      | Reached skill level 1 in Slings
  6039 | D:8      | Noticed a two-headed ogre
  6053 | D:8      | Reached skill level 2 in Slings
  6065 | D:8      | Killed a two-headed ogre
  6065 | D:8      | Reached skill level 4 in Slings
  6065 | D:8      | Reached XP level 10. HP: 39/91 MP: 9/9
  6380 | D:8      | Noticed a two-headed ogre
  6392 | D:8      | Killed a two-headed ogre
  6392 | D:8      | Reached ***** piety under Trog
  6392 | D:8      | Reached skill level 11 in Maces & Flails
  6392 | D:8      | Reached skill level 5 in Slings
  6647 | D:8      | Reached skill level 6 in Slings
  6677 | D:8      | Found a basalt altar of Yredelemnul.
  6929 | D:9      | Reached skill level 12 in Maces & Flails
  6978 | D:9      | Found a staircase to the Lair.
  7386 | D:9      | Reached skill level 13 in Maces & Flails
  7437 | D:9      | Received a gift from Trog
  7532 | D:9      | Found a staircase to the Orcish Mines.
  7546 | D:9      | Received a gift from Trog
  7947 | D:10     | Entered Level 10 of the Dungeon
  7994 | D:10     | Noticed a two-headed ogre
  8002 | D:10     | Noticed Nergalle
  8009 | D:10     | Noticed a spectral orc warlord
  8012 | D:10     | Killed a two-headed ogre
  8012 | D:10     | Reached skill level 14 in Maces & Flails
  8012 | D:10     | Reached XP level 11. HP: 83/97 MP: 8/10
  8026 | D:10     | Killed Nergalle
  8026 | D:10     | Reached skill level 3 in Dodging
  8344 | D:10     | Reached skill level 4 in Dodging
  8588 | D:10     | Noticed Gastronok
  8602 | D:10     | Killed Gastronok
  8602 | D:10     | Reached skill level 5 in Dodging
  9062 | D:10     | Reached skill level 10 in Fighting
  9062 | D:10     | Reached skill level 10 in Armour
  9062 | D:10     | Reached skill level 6 in Dodging
  9842 | D:11     | Noticed a red ugly thing
  9854 | D:11     | Killed a red ugly thing
  9865 | D:11     | Killed an unseen horror
  9986 | D:11     | Reached skill level 7 in Slings
 10376 | Lair:1   | Entered Level 1 of the Lair of Beasts
 10763 | Lair:1   | Received a gift from Trog
 10770 | Lair:1   | Reached skill level 11 in Fighting
 10774 | Lair:1   | Reached skill level 11 in Armour
 10774 | Lair:1   | Reached XP level 12. HP: 102/110 MP: 11/11
 11979 | Lair:3   | Reached skill level 8 in Slings
 12076 | Lair:3   | Noticed a four-headed hydra
 12085 | Lair:3   | Killed a four-headed hydra
 12730 | Lair:4   | Found a hole to the Spider Nest.
 12861 | Lair:4   | Found a staircase to the Shoals.
 13032 | Lair:4   | Reached skill level 12 in Fighting
 13037 | Lair:4   | Reached skill level 12 in Armour
 13169 | Lair:4   | Reached skill level 9 in Slings
 13244 | Lair:4   | Got a transparent ring mail
 13847 | Lair:4   | Identified the +3 ring mail of the Nightingale {rF++ Int+6}
                  | (You found it on level 4 of the Lair of Beasts)
 13910 | Lair:5   | Found a runed translucent gate.
 13910 | Lair:5   | Found a runed translucent gate.
 13910 | Lair:5   | Found a runed translucent gate.
 13920 | Lair:5   | Noticed a death ooze
 13920 | Lair:5   | Noticed Myef's ghost (journeyman CeFi)
 13922 | Lair:5   | Found a viscous altar of Jiyva.
 14740 | Orc:1    | Entered Level 1 of the Orcish Mines
 14748 | Orc:1    | Received a gift from Trog
 14771 | Orc:1    | Reached skill level 7 in Dodging
 14803 | Orc:1    | Found Gases Wi Hoi's Jewellery Boutique.
 15031 | Orc:1    | Received a gift from Trog
 15137 | Orc:1    | Found a roughly hewn altar of Beogh.
 15195 | Orc:1    | Received a gift from Trog
 15432 | Orc:2    | Entered Level 2 of the Orcish Mines
 15433 | Orc:2    | Noticed an orc high priest
 15455 | Orc:2    | HP: 7/169 [orc warrior/+0 hand axe[an orc high priest]
                  | (10)]
 15457 | Orc:2    | Mangled by a red devil

Levels and vault maps discovered:
D:1:      minmay_arrival_four_houses, layout_loops_ring, grunt_decor_resistance
D:2:      layout_rooms, first_ration, nicolae_dithmenos_shadow_blocks
D:3:      layout_loops_ring, lightli_corner_chamber
D:4:      layout_gridville, serial_forest, infiniplex_forest_clump_small,
          infiniplex_forest_pool, infiniplex_forest_clump_curved,
          infiniplex_forest_end_2, infiniplex_forest_corner_1,
          infiniplex_forest_lined_room_3, uniq_blork_the_orc
D:5:      minmay_bubble_buster, layout_basic, serial_shops, shop, moated_statue,
          minmay_shop_damaged, nrook_mini_vaults
D:6:      layout_loops_corners
D:7:      layout_basic, old_standard_altar, minmay_temple_entry_nine_rooms,
          uniq_joseph
D:8:      layout_rooms, basic_altar
D:9:      layout_roguey, grunt_lair_entry_orc_guard_hut, hiddenorc2_lemuel
D:10:     layout_basic, uniq_gastronok, uniq_nergalle
D:11:     layout_stronghold, grunt_tengu_nest
Temple:   roderic_octagonal_lattice_temple
Lair:1:   layout_regular_city, roderic_batcave
Lair:2:   layout_cave_pods
Lair:3:   layout_gridlike, serial_forest, infiniplex_forest_corner_1,
          infiniplex_forest_clump_double, infiniplex_forest_lined_3,
          infiniplex_forest_clump_tiny, infiniplex_forest_lined_3,
          infiniplex_forest_straight_2, infiniplex_forest_corner_1
Lair:4:   layout_layer_cave, minmay_shoals_entry_centaurs, dummy_spider_entry,
          lemuel_fruit_fields, minmay_lair_oklob_chamber
Lair:5:   layout_roguey, gammafunk_ghost_ooze, grunt_megastairs_3,
          infiniplex_staircase_pool
Orc:1:    layout_diamond_mine, serial_shops, nicolae_shop_stone, basic_altar
Orc:2:    grunt_orc_community_town_hall, layout_caves,
          grunt_orc_community_big_house_2, grunt_orc_community_big_house_2,
          grunt_orc_community_house_1, grunt_orc_community_house_3,
          grunt_orc_community_house_2, grunt_orc_community_house_1,
          grunt_orc_community_house_2, grunt_orc_community_house_2

Skill      XL: |  1  2  3  4  5  6  7  8  9 10 11 12 |
---------------+-------------------------------------+-----
Fighting       | 4 5 6 8 9 11 12 | 12.8
Maces & Flails | 4 6 8 10 14 | 14.1
Armour         | 5 7 9 11 12 | 12.8
Shields        | 4 |  4.2
Slings         | 4 6 7 9 |  9.0
Dodging        | 6 7 |  7.2

Action                   |  1- 3 |  4- 6 |  7- 9 | 10-12 || total
-------------------------+-------+-------+-------+-------++-------
Melee: Mace              |    70 |   115 |    29 |       ||   214
       Headbutt          |    14 |    17 |    50 |   192 ||   273
       Flail             |       |       |   186 |   698 ||   884
 Fire: Hunting sling     |       |       |       |     7 ||     7
Invok: Berserk           |       |     1 |       |     2 ||     3
       Trog's Hand       |       |       |       |     1 ||     1
  Use: Scroll            |     3 |    11 |     8 |    14 ||    36
 Stab: Sleeping          |     2 |       |     4 |     1 ||     7
  Eat: Chunk             |     2 |     6 |     9 |    28 ||    45
       Ration            |       |       |       |     1 ||     1
Armor: Animal skin       |    15 |     2 |       |       ||    17
       Plate armour      |       |    73 |       |       ||    73
       Crystal plate arm |       |     8 |    36 |       ||    44
       Leather armour    |       |       |    32 |    68 ||   100
       Scale mail        |       |       |       |   125 ||   125
Dodge: Dodged            |    60 |    34 |    86 |   345 ||   525
Block: Buckler           |       |    18 |    33 |   145 ||   196

Table legend:
 A = Non-vault XP
 B = Vault XP
 C = Vault XP percentage of total XP
 D = Non-vault monster count
 E = Vault monster count
 F = Vault count percentage of total count
                 A         B        C        D         E       F
            +---------+---------+-------+---------+---------+-------
      Total |   29121 |    7988 |  21.5 |     338 |      70 |  17.2
            +---------+---------+-------+---------+---------+-------
        D:1 |      30 |       0 |   0.0 |      13 |       0 |   0.0
        D:2 |      83 |       0 |   0.0 |      28 |       0 |   0.0
        D:3 |      88 |       0 |   0.0 |      15 |       0 |   0.0
        D:4 |     388 |      94 |  19.5 |      19 |       1 |   5.0
        D:5 |     631 |     311 |  33.0 |      15 |      10 |  40.0
        D:6 |     909 |       0 |   0.0 |      21 |       0 |   0.0
        D:7 |    1179 |     471 |  28.5 |      32 |       1 |   3.0
        D:8 |    2711 |       0 |   0.0 |      16 |       0 |   0.0
        D:9 |    1600 |    1489 |  48.2 |      28 |      37 |  56.9
       D:10 |    3803 |    3104 |  44.9 |      27 |       2 |   6.9
       D:11 |    2729 |     296 |   9.8 |      12 |       1 |   7.7
     Lair:1 |    2631 |      64 |   2.4 |      14 |       7 |  33.3
     Lair:2 |     926 |       0 |   0.0 |       5 |       0 |   0.0
     Lair:3 |    3391 |       0 |   0.0 |      16 |       0 |   0.0
     Lair:4 |    3696 |     911 |  19.8 |      17 |       7 |  29.2
     Lair:5 |    1572 |    1248 |  44.3 |       8 |       4 |  33.3
      Orc:1 |    2334 |       0 |   0.0 |      49 |       0 |   0.0
      Orc:2 |     420 |       0 |   0.0 |       3 |       0 |   0.0
            +---------+---------+-------+---------+---------+-------
